 Dungeon Crawl Stone Soup version 0.31-a0-44-g49d609d0da (webtiles) character file.

Game seed: 3458150752142352908

5017 daxdoom the Cleaver (level 10, -3/89 HPs)
             Began as a Minotaur Berserker on May 16, 2023.
             Was a High Priest of Trog.
             Slain by a troll (8 damage)
             ... on level 8 of the Dungeon on May 20, 2023.
             The game lasted 01:22:55 (8274 turns).

daxdoom the Cleaver (Minotaur Berserker)            Turns: 8274, Time: 01:23:03

Health: -3/89      AC: 21    Str: 25    XL:     10   Next: 30%
Magic:  9/9        EV: 11    Int:  4    God:    Trog [*****.]
Gold:   470        SH:  5    Dex: 11    Spells: 9/9 levels left

rFire   + . .        a - +1 hand axe (freeze)
rCold   + . .        (no shield)
rNeg    . . .        D - +7 chain mail
rPois   .            (helmet restricted)
rElec   .            O - +0 cloak
rCorr   .            (no gloves)
SInv    .            m - +1 pair of boots
Will    ++...        N - amulet of reflection Stlth
                     s - ring of protection from fire
HPRegen 1.34/turn    M - ring of protection from cold
MPRegen 0.11/turn

%: reflection
@: strong-willed, on berserk cooldown, regenerating, studying Staves
A: horns 2, retaliatory headbutt
a: Renounce Religion, Berserk, Trog's Hand, Brothers in Arms


You were on level 8 of the Dungeon.
You worshipped Trog.
Trog was extremely pleased with you.
You visited 2 branches of the dungeon, and saw 10 of its levels.
You also visited: Sewer.

You collected 470 gold pieces.

Inventory:

Hand Weapons
 a - a +1 hand axe of freezing (weapon)
 c - a +2 heavy shortbow
 F - a +2 whip of electrocution
 P - a +3 quarterstaff of chaos
 Q - a +4 scimitar
Missiles
 f - 3 javelins (quivered)
 i - 6 atropa-tipped darts
 j - 9 poisoned darts
 k - 65 stones
Armour
 g - a +0 plate armour
 m - a +1 pair of boots (worn)
 D - a +7 chain mail (worn)
 O - a +0 cloak (worn)
Magical Staves
 h - a staff of poison
 y - a staff of fire
Jewellery
 e - a ring of poison resistance
 s - a ring of protection from fire (left hand)
 M - a ring of protection from cold (right hand)
 N - an amulet of reflection (around neck)
Wands
 w - a wand of mindburst (8)
 B - a wand of light (19)
 J - a wand of digging (7)
 L - a wand of paralysis (3)
 R - a wand of iceblast (10)
Scrolls
 b - 2 scrolls of butterflies
 d - 2 scrolls of poison
 p - a scroll of noise
 r - 4 scrolls of teleportation
 t - a scroll of fog
 v - a scroll of immolation {unknown}
 z - a scroll of vulnerability
 E - 3 scrolls of fear
Potions
 l - a potion of heal wounds
 n - 2 potions of resistance
 o - 4 potions of mutation
 q - 2 potions of haste
 u - 2 potions of attraction
 x - 5 potions of curing
 A - a potion of experience
 C - a potion of cancellation
 G - a potion of berserk rage
 H - 2 potions of might {unknown}
 I - a potion of brilliance {unknown}
 K - a potion of ambrosia {unknown}
 S - a potion of degeneration {unknown}


   Skills:
 + Level 8.3 Fighting
 + Level 8.4 Axes
 + Level 6.1 Throwing
 + Level 7.7 Armour
 + Level 7.1 Dodging
 + Level 5.6 Stealth


You had 9 spell levels left.
You didn't know any spells.
Your spell library was empty.

Dungeon Overview and Level Annotations

Branches:
Dungeon (9/15)             Temple (1/1) D:6           Sewer (visited)
   Lair: D:8-11         Orc: D:9-12

Altars:
Cheibriados
Dithmenos
Elyvilon
Fedhas
Gozag
Hepliaklqana
Kikubaaqudgha
Makhleb
Nemelex Xobeh
Okawaru
Qazlal
Sif Muna
Trog
Uskayaw
Vehumet
Wu Jian
Xom
Yredelemnul
Zin
The Shining One

Shops:
D:2 (   D:6 [   D:8 *


Innate Abilities, Weirdness & Mutations

You have a pair of horns on your head.
You reflexively headbutt those who attack you in melee.


Message History

You are exhausted.
You feel yourself slow down.
You start resting.
A troll comes into view.
A troll is nearby!
You hit the troll but do no damage. You headbutt the troll!
The troll is heavily wounded.
The troll bites you! The troll claws you.
The troll claws you but does no damage. The troll bites you!
* * * LOW HITPOINT WARNING * * *
The troll closely misses you. The troll claws you but does no damage.
You feel much better. The troll barely misses you. The troll claws you.
The troll claws you!
You barely miss the troll.
The troll is moderately wounded.
The troll bites you.
The troll claws you but does no damage. x2
The troll barely misses you. The troll claws you.
The troll claws you but does no damage. The troll bites you.
* * * LOW HITPOINT WARNING * * *
The troll claws you but does no damage. You block the troll's attack.
There is a stone staircase leading up, spattered with blood here.
The troll bites you but does no damage. You block the troll's attack.
The troll barely misses you.
You climb upwards.
There is a stone staircase leading down here.
Your skin crawls.
You feel strong-willed. The troll bites you!
* * * LOW HITPOINT WARNING * * *
The troll closely misses you. x3; The troll claws you.
* * * LOW HITPOINT WARNING * * *
The troll barely misses you.
You barely miss the troll.
You headbutt the troll, but do no damage.
The troll is lightly wounded.
You feel yourself speed up. The troll bites you!
* * * LOW HITPOINT WARNING * * *
The troll claws you but does no damage. The troll claws you!
You die...

#.........#.#####.
#.........#.# #.
######...........# #.
#..............### #.
#..............# ####.
#.............#####....
#......................
#..........##[#####.#..
#....T@........[.......
#...........#.#........
#...........#.....#.#.#
#...........#.#.#.#.#..
#...........#..........
########...........#####......
#.................[).......###
#.................######...#
#.................# ##...###


You could see a troll.

Vanquished Creatures
  Joseph (D:8)
  Maggie (D:7)
  Psyche (D:8)
  A troll (D:9)
  A hornet (D:9)
  5 yaks (D:9)
  2 wyverns (D:8)
  A steam dragon (D:8)
  3 water moccasins
  An orc warrior (D:7)
  Pargi (D:3)
  A sky beast (D:7)
  An ice beast (D:5)
  An ogre (D:5)
  2 centaurs
  3 phantoms
  3 bullfrogs
  A scorpion (D:4)
  5 wights
  5 killer bees (D:8)
  A howler monkey (D:7)
  2 hounds
  4 jellies
  Crazy Yiuf (D:2)
  An orc priest (D:7)
  Jessica (D:3)
  A gnoll bouda (D:7)
  3 iguanas
  4 orc wizards
  Robin (D:3)
  4 gnolls
  5 adders
  6 river rats (Sewer)
  A shadow imp (D:6)
  2 ufetubi (D:6)
  A worm (D:2)
  A dart slug (D:4)
  22 orcs
  5 bats
  8 endoplasms
  5 giant cockroaches
  8 goblins
  15 hobgoblins
  12 jackals
  9 kobolds
  2 quokkas
  18 ball pythons
  7 frilled lizards
  25 rats
215 creatures vanquished.

Notes
Turn   | Place    | Note
-------+----------+-------------------------------------------
     0 | D:1      | daxdoom the Minotaur Berserker began the quest for the Orb.
     0 | D:1      | Reached XP level 1. HP: 19/19 MP: 0/0
     4 | D:1      | Noticed an electric eel
    12 | D:1      | Noticed an electric eel
   199 | D:1      | Reached XP level 2. HP: 27/27 MP: 1/1
   354 | D:1      | Reached ** piety under Trog
   355 | D:1      | Reached XP level 3. HP: 25/33 MP: 2/2
   792 | D:1      | Reached skill level 1 in Throwing
  1106 | D:2      | Found Tiantili's Weapon Emporium.
  1191 | D:2      | Reached skill level 1 in Stealth
  1313 | D:2      | Found a runed translucent door.
  1314 | D:2      | Noticed Crazy Yiuf
  1819 | D:3      | Noticed Pargi
  1830 | D:3      | Killed Pargi
  1831 | D:3      | Reached XP level 4. HP: 41/41 MP: 3/3
  1831 | D:3      | Reached XP level 5. HP: 47/47 MP: 4/4
  1933 | D:3      | Found a glowing drain.
  1942 | Sewer    | Entered a sewer
  1974 | Sewer    | Reached *** piety under Trog
  2328 | Sewer    | Reached XP level 6. HP: 55/55 MP: 5/5
  2331 | Sewer    | Reached skill level 5 in Fighting
  2595 | D:3      | Reached skill level 5 in Axes
  2612 | D:3      | Noticed Jessica
  2634 | D:3      | Killed Jessica
  2721 | D:3      | Reached **** piety under Trog
  2840 | D:3      | Noticed Robin
  2857 | D:3      | Reached XP level 7. HP: 59/61 MP: 6/6
  2859 | D:3      | Killed Robin
  3154 | D:3      | Found a shimmering blue altar of Sif Muna.
  3706 | D:4      | Found an ornate altar of the Wu Jian Council.
  4091 | D:5      | Entered Level 5 of the Dungeon
  4139 | D:2      | Killed Crazy Yiuf
  4204 | D:5      | Found a white marble altar of Elyvilon.
  4379 | D:5      | Reached XP level 8. HP: 38/64 MP: 7/7
  4508 | D:4      | Reached skill level 5 in Armour
  5135 | D:5      | Reached skill level 5 in Dodging
  5433 | D:5      | Found a shadowy altar of Dithmenos.
  5606 | D:6      | Upgraded the game from 0.31-a0-37-g98a128e1d9 to
                  | 0.31-a0-39-g17ee01c9f4
  5608 | D:6      | Found a stormy altar of Qazlal.
  5703 | D:6      | Reached ***** piety under Trog
  5742 | D:6      | Found a staircase to the Ecumenical Temple.
  6017 | D:6      | Found Bownops's Armour Emporium.
  6489 | D:7      | Found a hide-covered altar of Uskayaw.
  6521 | D:7      | Reached XP level 9. HP: 73/78 MP: 8/8
  6704 | Temple   | Entered the Ecumenical Temple
  7108 | D:7      | Found an opulent altar of Gozag.
  7109 | D:7      | Noticed Maggie
  7153 | D:7      | Killed Maggie
  7154 | D:7      | Reached skill level 5 in Throwing
  7474 | D:8      | Noticed Psyche
  7474 | D:8      | Noticed Joseph
  7491 | D:8      | Killed Psyche
  7498 | D:8      | Killed Joseph
  7499 | D:8      | Reached skill level 5 in Stealth
  7748 | D:8      | Found Degydeb's Overcharged Wands.
  7868 | D:8      | Reached XP level 10. HP: 65/88 MP: 9/9
  7868 | D:8      | Upgraded the game from 0.31-a0-39-g17ee01c9f4 to
                  | 0.31-a0-44-g49d609d0da
  8274 | D:8      | Slain by a troll

Illustrated notes

Levels and vault maps discovered:
D:1:      arrival_aquarium_b, layout_loops_ring
D:2:      layout_rooms, serial_shops, shop, minmay_octomino_e4,
          uniq_crazy_yiuf_cottage
D:3:      layout_basic, marbit_many_paths, portal_sewer_entry_d, uniq_robin,
          uniq_jessica, uniq_pargi
D:4:      layout_basic, mainiacjoe_overflow_tiny_flanked
D:5:      layout_cave_pools, mainiacjoe_overflow_swirl, minmay_misc_feat_five
D:6:      layout_basic, mainiacjoe_overflow_concentric_impassable,
          minmay_temple_entry_trees, serial_shops,
          nicolae_shop_just_a_little_nook, grunt_ministairs_14
D:7:      layout_loops_ring, nicolae_gozag_cash_rules_everything_around_me,
          nicolae_uskayaw_dance_hall, uniq_maggie
D:8:      layout_basic, nicolae_shop_overcharged_wands, uniq_psyche, uniq_joseph
D:9:      layout_small_grid, mainiacjoe_overflow_24_doors, corexii_corridor_pit,
          uniq_harold
Temple:   nicolae_temple_ecumenical_triangle

Skill      XL: |  1  2  3  4  5  6  7  8  9 10 |
---------------+-------------------------------+-----
Fighting       | 4 5 6 7 8 |  8.3
Axes           | 4 5 6 8 |  8.4
Throwing       | 1 2 3 4 5 6 |  6.1
Armour         | 3 4 6 7 |  7.7
Stealth        | 1 2 3 4 5 |  5.6
Dodging        | 3 4 5 6 7 |  7.1

Action                     |  1- 3 |  4- 6 |  7- 9 | 10-12 || total
---------------------------+-------+-------+-------+-------++-------
  Melee: Hand axe          |    91 |   155 |   295 |    27 ||   568
         Headbutt          |    18 |    13 |    68 |     7 ||   106
         Punch             |     1 |       |     5 |       ||     6
  Throw: Javelin           |     6 |     6 |     5 |       ||    17
         Dart              |     1 |       |       |       ||     1
         Stone             |       |    11 |    20 |       ||    31
 Invoke: Berserk           |     1 |     1 |     4 |     1 ||     7
         Trog's Hand       |       |       |       |     1 ||     1
    Use: Scroll            |       |     1 |    24 |       ||    25
         Potion            |       |       |       |     1 ||     1
 Armour: Animal skin       |     8 |       |       |       ||     8
         Ring mail         |    20 |    10 |       |       ||    30
         Chain mail        |       |   117 |   136 |    32 ||   285
  Dodge: Dodged            |    43 |    81 |   123 |    26 ||   273
  Block: Other             |       |       |    36 |     9 ||    45
         Reflection        |       |       |     3 |       ||     3

Table legend: (Time is in decaauts)
 A = Elapsed time spent in this place.
 B = Non-inter-level travel time spent in this place.
 C = Inter-level travel time spent in this place.
 D = Time resting spent in this place.
 E = Time spent auto-exploring this place.
 F = Levels seen in this place.
 G = Mean time per level.
                   A        B        C        D        E       F      G
               +--------+--------+--------+--------+--------+-----+--------+
         Total |   8405 |   7796 |    609 |   1064 |   3343 |  11 |  764.1 |
       Dungeon |   7859 |   7250 |    609 |    923 |   3327 |   9 |  873.2 |
        Temple |     63 |     63 |      0 |      0 |     16 |   1 |   63.0 |
         Sewer |    482 |    482 |      0 |    141 |      0 |   1 |  482.0 |
               +--------+--------+--------+--------+--------+-----+--------+

Top non-repeatable levels by time:
     D:4: 1347 daAuts
     D:3: 1166 daAuts
     D:1: 1075 daAuts
     D:6: 958 daAuts
     D:7: 898 daAuts
     D:5: 807 daAuts
     D:2: 803 daAuts
     D:8: 746 daAuts
   Sewer: 482 daAuts
  Temple: 63 daAuts
     D:9: 55 daAuts
